 Dungeon Crawl Stone Soup version 0.28-a0-726-g4a9143789a (webtiles) character file.

Game seed: 920714811078241046

41 lawman0 the Grasshopper (level 3, 0/28 HPs)
             Began as a Barachi Warper on Oct 27, 2021.
             Slain by a worm (4 damage)
             ... on level 2 of the Dungeon.
             The game lasted 00:02:57 (1680 turns).

lawman0 the Grasshopper (Barachi Warper)            Turns: 1680, Time: 00:02:58

Health: 0/28       AC:  3    Str: 12    XL:     3   Next: 52%
Magic:  6/6        EV: 11    Int: 14    God:
Gold:   63         SH:  0    Dex: 11    Spells: 1/6 levels left

rFire   . . .      SeeInvis .   a - +0 falchion
rCold   . . .      Faith    .   (no shield)
rNeg    . . .      Spirit   .   k - +0 leather armour
rPois   .          Reflect  .   (no helmet)
rElec   .          Harm     .   (no cloak)
rCorr   .          Rampage  .   (no gloves)
Will    .....                   (no boots)
Stlth   +.........              (no amulet)
HPRegen 0.09/turn               (no ring)
MPRegen 0.10/turn               (no ring)

@: slow
A: amphibious, slowness 1, strong legs 1, +LOS
a: Hop


You were on level 2 of the Dungeon.
You visited 1 branch of the dungeon, and saw 2 of its levels.

You collected 63 gold pieces.

Inventory:

Hand Weapons
 a - a +0 falchion (weapon)
 b - a +0 hunting sling
Missiles
 d - a boomerang of dispersal (quivered)
 f - 18 sling bullets
Armour
 k - a +0 leather armour (worn)
Jewellery
 i - an amulet of guardian spirit
Scrolls
 c - a scroll of blinking
 e - a scroll of magic mapping {unknown}
 g - a scroll of enchant armour {unknown}
 h - a scroll of immolation {unknown}
 j - a scroll of identify {unknown}
Potions
 l - a potion of attraction {unknown}
 m - a potion of heal wounds {unknown}


   Skills:
 + Level 2.9 Fighting
 * Level 3.5 Long Blades
 + Level 1.0 Throwing
 + Level 1.7 Armour
 + Level 2.2 Dodging
 + Level 2.2 Spellcasting
 * Level 3.7 Translocations


You had one spell level left.
You knew the following spells:

 Your Spells              Type           Power      Damage    Failure   Level
a - Blink                 Tloc           24%        N/A       10%         2
b - Teleport Other        Tloc           12%        N/A       19%         3

Your spell library contained the following spells:

 Spells                   Type           Power      Damage    Failure   Level
 Gell's Gravitas          Tloc           6%         N/A       19%         3
 Lesser Beckoning         Tloc           12%        N/A       19%         3
 Manifold Assault         Tloc           12%        N/A       87%         5


Dungeon Overview and Level Annotations

Branches:
Dungeon (2/15)

Altars:

Shops:
D:2 :


Innate Abilities, Weirdness & Mutations

You are amphibious.
You cover ground slowly.
You can hop short distances.
You have an extended range of vision and can be seen from far away.


Message History

You start resting.
HP restored.
Found a stone staircase leading up.
f - 17 sling bullets (gained 1)
b - a +0 hunting sling (weapon)
f - 19 sling bullets (gained 2)
f - 20 sling bullets (gained 1)
f - 23 sling bullets (gained 3)
m - a grey potion A worm comes into view.
Found a stone staircase leading down.
You shoot a sling bullet. The sling bullet hits the worm.
The worm is lightly wounded.
You shoot a sling bullet. The sling bullet hits the worm!
The worm is heavily wounded.
You shoot a sling bullet. The sling bullet hits the worm.
The worm is severely wounded.
You shoot a sling bullet. The sling bullet hits the worm.
The worm is almost dead.
You shoot a sling bullet.
The sling bullet hits the worm but does no damage.
The worm is almost dead.
The worm bites you!
a - a +0 falchion (weapon)
You completely miss the worm.
The worm is almost dead.
The worm bites you!
You are too injured to fight recklessly!
You are too injured to fight recklessly!
You are too injured to fight recklessly!
You barely miss the worm.
The worm is severely wounded.
The worm bites you!
* * * LOW HITPOINT WARNING * * *
You completely miss the worm.
The worm is severely wounded.
You hit the worm.
The worm is severely wounded.
The worm bites you.
You die...

.#....###.####.#### ....
.#..........[.....# ....
......###.####.##.####
...^ ##.#.##
#......##....# ...# #.###
############.# ...# #.#
... #.########...# ##.##
.....#######.##..........
#...##
...>(((w.##.#)..........#
.#.#.# #@#.###...........
...#.# #..## ##.####.....
.###.# ##.#.###.## #.....
....## ####...#.#..#
#...<. .########
...........#.# #.....
....[...#
#..........###.. ......
###(###.###.#.........#
#####...# #.#
#.................# ####
#.###.###.#........#..#


You could see a worm.

Vanquished Creatures
  A worm (D:2)
  2 dart slugs (D:1)
  A bat (D:1)
  4 endoplasms (D:1)
  3 giant cockroaches (D:1)
  3 goblins (D:1)
  A hobgoblin (D:1)
  A quokka (D:1)
  3 ball pythons (D:1)
  4 frilled lizards (D:1)
  3 kobolds
  6 rats (D:1)
32 creatures vanquished.

Notes
Turn   | Place    | Note
-------+----------+-------------------------------------------
     0 | D:1      | lawman0 the Barachi Warper began the quest for the Orb.
     0 | D:1      | Reached XP level 1. HP: 17/17 MP: 3/3
   297 | D:1      | Reached XP level 2. HP: 23/23 MP: 5/5
   859 | D:1      | Reached XP level 3. HP: 24/28 MP: 6/6
   949 | D:1      | Found a faded altar of an unknown god.
  1384 | D:2      | Found Ystrang's Book Shop.
  1390 | D:2      | Learned a level 2 spell: Blink
  1394 | D:2      | Learned a level 3 spell: Teleport Other
  1680 | D:2      | Slain by a worm

Illustrated notes

Levels and vault maps discovered:
D:1:      lemuel_arrival_rhombus, layout_loops_ring,
          shapermc_ecumenical_altar_totnotflames
D:2:      layout_loops_cross, serial_shops, nicolae_shop_window_shopping,
          uniq_robin

Skill      XL: |  1  2 |
---------------+-------+-----
Long Blades    | 3 |  3.5
Fighting       | |  2.9
Throwing       | |  1.0
Armour         | |  1.7
Dodging        | |  2.2
Spellcasting   | |  2.2
Translocations | |  3.7

Action                   || total
-------------------------++-------
Melee: Falchion          ||    78
 Fire: Hunting sling     ||    23
Throw: Boomerang         ||     4
 Abil: Hop               ||     1
  Use: Scroll            ||     1
Armor: Leather armour    ||    16
Dodge: Dodged            ||    46

Table legend: (Time is in decaauts)
 A = Elapsed time spent in this place.
 B = Non-inter-level travel time spent in this place.
 C = Inter-level travel time spent in this place.
 D = Time resting spent in this place.
 E = Time spent auto-exploring this place.
 F = Levels seen in this place.
 G = Mean time per level.
                   A        B        C        D        E       F      G
               +--------+--------+--------+--------+--------+-----+--------+
         Total |   1852 |   1851 |      1 |    457 |   1117 |   2 |  926.0 |
       Dungeon |   1852 |   1851 |      1 |    457 |   1117 |   2 |  926.0 |
               +--------+--------+--------+--------+--------+-----+--------+

Top non-repeatable levels by time:
     D:1: 1494 daAuts
     D:2: 358 daAuts
